 Dungeon Crawl Stone Soup version 0.28-a0-1594-ga885d4b3d6 (webtiles) character file.

Game seed: 232564458647582820

55388 comborobin the Brawler (level 14, -1/199 HPs)
             Began as a Troll Cinder Acolyte on Jan 20, 2022.
             Was an Elder of Cheibriados.
             Slain by an eight-headed hydra (8 damage)
             ... on level 3 of the Lair of Beasts.
             The game lasted 00:21:41 (16923 turns).

comborobin the Brawler (Troll Cinder Acolyte)      Turns: 16923, Time: 00:21:42

Health: -1/199     AC: 13    Str: 34    XL:     14   Next: 38%
Magic:  14/14      EV: 14    Int: 19    God:    Cheibriados [****..]
Gold:   1890       SH: 15    Dex: 18    Spells: 6/15 levels left

rFire   . . .      SeeInvis .     - Unarmed
rCold   . . .      Faith    .   x - +0 kite shield
rNeg    . . .      Spirit   .   s - +1 fire dragon scales
rPois   .          Reflect  +   (helmet restricted)
rElec   .          Harm     .   G - scarf {repulsion}
rCorr   .          Rampage  .   (gloves unavailable)
Will    ++...                   (boots unavailable)
Stlth   ..........              M - amulet of reflection
HPRegen 1.23/turn               y - ring of willpower
MPRegen 0.14/turn               B - ring of protection from cold

@: berserking (expiring), lethally poisoned (-1 -> -9), repel missiles, fire
susceptible, very slow
A: large, unfitting armour, claws 3, regeneration 1, shaggy fur 1, tough skin 1,
mutation resistance 1, inability to read while threatened
a: Renounce Religion, Bend Time, Temporal Distortion, Slouch


You were on level 3 of the Lair of Beasts.
You worshipped Cheibriados.
Cheibriados was greatly pleased with you.
You visited 3 branches of the dungeon, and saw 20 of its levels.

You collected 1890 gold pieces.

Inventory:

Hand Weapons
 e - a +1 hand axe of flaming
Missiles
 f - 9 atropa-tipped darts
 g - 36 poisoned darts
 h - 5 curare-tipped darts (quivered)
 q - 2 throwing nets
 K - 21 large rocks
 L - 2 javelins
Armour
 a - a +0 robe
 s - +1 fire dragon scales (worn)
 x - a +0 kite shield (worn)
 C - a +0 cloak
 G - a scarf of repulsion (worn)
 O - +0 acid dragon scales
Magical Staves
 p - a staff of poison
Jewellery
 y - a ring of willpower (left claw)
 B - a ring of protection from cold (right claw)
 M - an amulet of reflection (around neck)
 N - an amulet of magic regeneration
Wands
 i - a wand of iceblast (11)
 l - a wand of mindburst (13)
 v - a wand of acid (3)
 w - a wand of paralysis (9)
 D - a wand of polymorph (18)
 H - a wand of flame (9)
Scrolls
 d - 10 scrolls of identify
 j - 4 scrolls of noise
 n - 2 scrolls of holy word
 o - 5 scrolls of teleportation
 r - 2 scrolls of vulnerability
 t - 3 scrolls of amnesia
 u - a scroll of fog
 z - a scroll of magic mapping
 I - a scroll of immolation
 J - 3 scrolls of enchant armour
 S - a scroll of enchant weapon
Potions
 b - 3 potions of ambrosia
 c - 3 potions of flight
 k - a potion of haste
 m - a potion of invisibility
 A - 2 potions of brilliance
 E - 5 potions of curing
 P - 2 potions of might
 Q - a potion of attraction
 R - a potion of heal wounds


   Skills:
 - Level 7.1 Fighting
 - Level 7.8 Armour
 - Level 12.2 Dodging
 + Level 6.4 Shields
 - Level 17.4 Unarmed Combat
 - Level 1.0 Spellcasting
 - Level 4.3 Transmutations
 - Level 2.1 Fire Magic


You had 6 spell levels left.
You knew the following spells:

 Your Spells              Type           Power      Damage    Failure   Level
a - Wereblood             Tmut           17%        N/A       21%         2
D - Dragon Form           Tmut           8%         N/A       100%        7

Your spell library contained the following spells:

 Spells                   Type           Power      Damage    Failure   Level
 Beastly Appendage        Tmut           34%        N/A       14%         1
 Scorch                   Fire           18%        2d6       43%         2
 Spider Form              Tmut/Pois      9%         N/A       69%         3
 Call Canine Familiar     Summ           0%         N/A       93%         3
 Gell's Gravitas          Tloc           0%         N/A       93%         3
 Lesser Beckoning         Tloc           0%         N/A       93%         3
 Ozocubu's Armour         Ice            0%         N/A       93%         3
 Portal Projectile        Hex/Tloc       0%         N/A       93%         3
 Teleport Other           Tloc           0%         N/A       93%         3
 Blade Hands              Tmut           8%         N/A       98%         5
 Animate Armour           Summ/Erth      0%         N/A       100%        4
 Leda's Liquefaction      Hex/Erth       0%         N/A       100%        4
 Excruciating Wounds      Necr           0%         N/A       100%        5
 Irradiate                Conj/Tmut      4%         3d15      100%        5
 Metabolic Englaciation   Hex/Ice        0%         N/A       100%        5
 Dispersal                Tloc           0%         N/A       100%        6
 Iron Shot                Conj/Erth      0%         9d1       100%        6
 Simulacrum               Ice/Necr       0%         N/A       100%        6


Dungeon Overview and Level Annotations

Branches:
Dungeon (15/15)            Temple (1/1) D:7            Lair (4/6) D:9
  Swamp (0/4) Lair:2          Orc (0/2) D:12         Vaults (0/5) D:13
 Depths (0/4) D:15
  Snake: Lair:2-4    Spider: Lair:2-4

Altars:
Ashenzari
Cheibriados
Dithmenos
Elyvilon
Fedhas
Gozag
Hepliaklqana
Kikubaaqudgha
Makhleb
Nemelex Xobeh
Qazlal
Ru
Sif Muna
Trog
Uskayaw
Vehumet
Wu Jian
Xom
Yredelemnul
Zin
The Shining One

Annotations:
D:10 2 transporters, exclusion: statue, awesomeguy42's ghost, novice TrWr
D:15 3 runed translucent doors, RBrandon's ghost, journeyman TeMo
Lair:1 3 runed translucent doors, pdpol's ghost, novice PaCj


Innate Abilities, Weirdness & Mutations

You are too large for most types of armour.
You have claws for hands.
Your natural rate of healing is unusually fast.
You are covered in fur. (AC +1)
You have tough skin. (AC +1)
You are somewhat resistant to further mutation.
You sometimes lose the ability to read scrolls when taking damage.


Message History

The eight-headed hydra bites you.
* * * LOW HITPOINT WARNING * * *
You block the eight-headed hydra's attack.
The eight-headed hydra bites you!
* * * LOW HITPOINT WARNING * * *
The eight-headed hydra bites you.
* * * LOW HITPOINT WARNING * * *
You block the eight-headed hydra's attack.
Unknown command.
You closely miss the cane toad.
* * * LOW HITPOINT WARNING * * *
You feel very sick. You block the cane toad's attack.
Unknown command.
You are too berserk!
You scratch the cane toad.
The cane toad is lightly wounded.
* * * LOW HITPOINT WARNING * * *
You feel very sick.
The eight-headed hydra bites you but does no damage.
The eight-headed hydra bites you.
* * * LOW HITPOINT WARNING * * *
You block the eight-headed hydra's attack.
The eight-headed hydra bites you but does no damage.
The eight-headed hydra closely misses you.
You block the eight-headed hydra's attack.
The eight-headed hydra bites you but does no damage.
The eight-headed hydra closely misses you.
The cane toad closely misses you.
You eviscerate the cane toad!!!
You kill the cane toad!
Cheibriados thoroughly appreciates the change of pace.
You can read scrolls again.
* * * LOW HITPOINT WARNING * * *
You feel very sick.
The eight-headed hydra barely misses you.
You block the eight-headed hydra's attack.
The eight-headed hydra bites you but does no damage.
The eight-headed hydra bites you!
You die...

##.... #..... #
#.... ## #
#.#....####.###.#
.................
.................
..........$.$....
.......D†>.......
##.#P#@#P.######
# ######


You could see an eight-headed hydra.

Vanquished Creatures
  Jorgrun (D:14)
  Agnes (D:14)
  2 fire dragons
  8 vault guards
  3 hydras
  An ice dragon (D:15)
  2 boulder beetles
  3 centaur warriors
  5 two-headed ogres
  7 death yaks
  Sonja (Lair:2)
  3 bog bodies (Lair:2)
  2 wizards
  Pikel (D:9)
  A deep elf pyromancer (D:12)
  4 cyclopes
  4 ugly things (D:13)
  2 manticores
  5 elephants (Lair:1)
  6 cane toads
  2 kobold demonologists (D:11)
  An unseen horror (D:12)
  2 tengu conjurers
  3 yaktaurs (D:15)
  2 trolls
  A hornet (D:9)
  Prince Ribbit (D:5)
  6 blink frogs
  18 slime creatures
  Sigmund (D:5)
  A vampire (D:13)
  A shadow (D:10)
  5 large abominations (D:10)
  2 fire elementals (Lair:2)
  28 yaks
  3 wraiths
  2 basilisks
  3 wyverns
  10 vampire mosquitoes
  A warg (D:12)
  2 swamp worms (Lair:2)
  3 water moccasins
  2 acid dragons
  9 orc warriors
  A meliai simulacrum (D:14)
  A necrophage (D:6)
  3 ogres
  10 wolves (Lair:1)
  10 centaurs
  5 boggarts (D:15)
  3 phantoms
  6 kobold brigands
  7 bullfrogs
  2 wyvern zombies (D:7)
  A wyvern skeleton (D:7)
  7 small abominations (D:10)
  6 killer bees
  3 wights (D:6)
  2 electric eels
  6 howler monkeys
  A bullfrog zombie (D:5)
  5 centaur zombies
  3 bullfrog skeletons
  6 hounds
  A gnoll shaman (D:6)
  A jelly (D:7)
  8 orc priests
  A centaur skeleton (D:7)
  An iguana (D:7)
  18 orc wizards
  9 hell rats (Lair:2)
  A howler monkey zombie (D:7)
  13 gnolls
  4 adders
  12 river rats
  A shadow imp (D:7)
  A white imp (D:7)
  5 ufetubi
  A worm (D:2)
  59 orcs
  2 endoplasms
  3 giant cockroaches
  3 goblins
  6 hobgoblins
  35 kobolds
  7 quokkas
  4 ball pythons
  A bat (D:2)
  14 rats
470 creatures vanquished.

Vanquished Creatures (others)
  2 orc wizards (D:9)
  3 bushes (Lair:1)
  5 fungi
  25 plants
35 creatures vanquished.

Grand Total: 505 creatures vanquished

Notes
Turn   | Place    | Note
-------+----------+-------------------------------------------
     0 | D:1      | comborobin the Troll Cinder Acolyte began the quest for the
                  | Orb.
     0 | D:1      | Reached XP level 1. HP: 22/22 MP: 1/1
    85 | D:2      | Reached XP level 2. HP: 26/29 MP: 2/2
   349 | D:2      | Reached skill level 4 in Unarmed Combat
   462 | D:2      | Reached XP level 3. HP: 36/36 MP: 3/3
   592 | D:3      | You fall into a shaft and drop 2 floors!
   592 | D:5      | Entered Level 5 of the Dungeon
   604 | D:5      | Reached XP level 4. HP: 44/44 MP: 4/4
   611 | D:5      | Found an opulent altar of Gozag.
   633 | D:5      | Reached skill level 5 in Unarmed Combat
   671 | D:5      | Reached XP level 5. HP: 36/50 MP: 5/5
   749 | D:5      | Reached skill level 6 in Unarmed Combat
   767 | D:5      | Noticed Prince Ribbit
   788 | D:5      | Killed Prince Ribbit
   789 | D:5      | Reached skill level 7 in Unarmed Combat
   789 | D:5      | Reached XP level 6. HP: 54/59 MP: 6/6
   959 | D:5      | Reached skill level 8 in Unarmed Combat
   959 | D:5      | Reached XP level 7. HP: 66/66 MP: 7/7
  1215 | D:6      | Reached skill level 9 in Unarmed Combat
  1403 | D:6      | Reached XP level 8. HP: 52/74 MP: 8/8
  1409 | D:6      | Reached skill level 10 in Unarmed Combat
  1886 | D:6      | Reached skill level 11 in Unarmed Combat
  1970 | D:6      | Found an ornate altar of the Wu Jian Council.
  2212 | D:6      | Learned a level 2 spell: Wereblood
  2399 | D:7      | Reached skill level 1 in Transmutations
  2527 | D:7      | Reached XP level 9. HP: 80/80 MP: 9/9
  2535 | D:7      | Noticed a fire dragon
  2545 | D:7      | Killed a fire dragon
  2546 | D:7      | Reached skill level 12 in Unarmed Combat
  2630 | D:7      | Found a broken altar of Ashenzari.
  2724 | D:7      | Found a staircase to the Ecumenical Temple.
  3437 | D:8      | Noticed a two-headed ogre
  3569 | Temple   | Entered the Ecumenical Temple
  3614 | D:8      | Reached skill level 1 in Armour
  3614 | D:8      | Reached skill level 1 in Dodging
  3698 | D:8      | Killed a two-headed ogre
  3699 | D:8      | Reached XP level 10. HP: 57/91 MP: 10/10
  4103 | D:8      | Found a basalt altar of Yredelemnul.
  4111 | D:8      | Noticed a profane servitor
  4118 | D:8      | Found a glowing golden altar of the Shining One.
  4120 | D:8      | Noticed an angel
  4734 | D:9      | Reached skill level 13 in Unarmed Combat
  4795 | D:9      | Found a shadowy altar of Dithmenos.
  4841 | D:9      | Noticed a two-headed ogre
  4842 | D:9      | Found a hide-covered altar of Uskayaw.
  4845 | D:9      | Killed a two-headed ogre
  4915 | D:9      | Noticed a death yak
  4916 | D:9      | Noticed a death yak
  4955 | D:9      | Noticed a death yak
  4959 | D:9      | Killed a death yak
  4970 | D:9      | Killed a death yak
  4971 | D:9      | Reached skill level 5 in Fighting
  4971 | D:9      | Reached XP level 11. HP: 66/102 MP: 11/11
  4975 | D:9      | Killed a death yak
  5018 | D:9      | Found a staircase to the Lair.
  5069 | D:9      | Paralysed by a hornet for 3 turns
  5071 | D:9      | Noticed Pikel
  5083 | D:9      | Killed Pikel
  5084 | D:9      | Reached skill level 5 in Armour
  5148 | D:9      | Found a burning altar of Makhleb.
  5150 | D:9      | Noticed a centaur warrior
  5160 | D:9      | Killed a centaur warrior
  5161 | D:9      | Reached skill level 14 in Unarmed Combat
  5343 | D:9      | Found a glowing silver altar of Zin.
  5343 | D:9      | Noticed an angel
  5344 | D:9      | Noticed a green death
  5481 | D:9      | Paralysed by a kobold brigand for 3 turns
  5486 | D:9      | Found a hazy altar of Hepliaklqana.
  5493 | D:9      | Found a faded altar of an unknown god.
  5512 | D:9      | Found a shimmering blue altar of Sif Muna.
  6156 | D:10     | Entered Level 10 of the Dungeon
  6419 | D:10     | Noticed a two-headed ogre
  6429 | D:10     | Found a transporter.
  6432 | D:10     | Found a transporter.
  6433 | D:10     | Found a bloodstained altar of Trog.
  6433 | D:10     | Noticed a tengu warrior
  6433 | D:10     | Noticed awesomeguy42's ghost (novice TrWr)
  6448 | D:10     | Found a radiant altar of Vehumet.
  6664 | D:10     | Noticed a wizard
  6695 | D:10     | Killed a wizard
  6790 | D:10     | Reached skill level 15 in Unarmed Combat
  7176 | D:11     | Reached XP level 12. HP: 96/111 MP: 12/12
  7221 | D:11     | Reached skill level 16 in Unarmed Combat
  7928 | D:11     | Identified a scroll of acquirement
  7928 | D:11     | Acquired a manual of Dodging
  8038 | D:12     | Acquired 737 gold pieces
  8060 | D:12     | Reached skill level 5 in Dodging
  8098 | D:12     | Noticed a boulder beetle
  8111 | D:12     | Killed a boulder beetle
  8294 | D:12     | Noticed a two-headed ogre
  8296 | D:12     | Found a staircase to the Orcish Mines.
  8309 | D:12     | Killed a two-headed ogre
  8525 | D:12     | Noticed a two-headed ogre
  8541 | D:12     | Killed a two-headed ogre
  9206 | D:13     | Found a gate to the Vaults.
  9206 | D:13     | Noticed a vault guard
  9206 | D:13     | Noticed a vault guard
  9206 | D:13     | Noticed a vault guard
  9206 | D:13     | Noticed a vault guard
  9206 | D:13     | Noticed a vault guard
  9206 | D:13     | Noticed a vault guard
  9275 | D:12     | Killed a vault guard
  9314 | D:12     | Killed a vault guard
  9315 | D:12     | Reached skill level 10 in Dodging
  9336 | D:12     | Killed a vault guard
  9578 | D:13     | Noticed a vault guard
  9615 | D:13     | Killed a vault guard
  9691 | D:13     | Killed a vault guard
  9762 | D:13     | Noticed a two-headed ogre
  9764 | D:13     | Noticed a boulder beetle
  9778 | D:13     | Killed a two-headed ogre
  9789 | D:13     | Killed a boulder beetle
  9790 | D:13     | Reached XP level 13. HP: 99/118 MP: 13/13
 10466 | D:14     | Noticed Agnes
 10471 | D:14     | Killed Agnes
 10507 | D:14     | Noticed Jorgrun
 10519 | D:14     | Killed Jorgrun
 10586 | D:14     | You fall into a shaft and drop 1 floor!
 10586 | D:15     | Entered Level 15 of the Dungeon
 11179 | D:14     | Reached skill level 17 in Unarmed Combat
 12526 | D:15     | Found a runed translucent gate.
 12526 | D:15     | Found a runed translucent gate.
 12526 | D:15     | Found a runed translucent gate.
 12527 | D:15     | Noticed RBrandon's ghost (journeyman TeMo)
 12595 | D:15     | Noticed a fire dragon
 12747 | D:15     | Killed a fire dragon
 12961 | D:15     | Found a staircase to the Depths.
 13401 | D:15     | Gained mutation: You sometimes lose the ability to read
                  | scrolls when taking damage. [potion of mutation]
 13401 | D:15     | Gained mutation: Your magical capacity is low. (-10% MP)
                  | [potion of mutation]
 13401 | D:15     | Lost mutation: Your magical capacity is low. (-10% MP)
                  | [potion of mutation]
 13401 | D:15     | Gained mutation: You are somewhat resistant to further
                  | mutation. [potion of mutation]
 13451 | D:14     | Learned a level 7 spell: Dragon Form
 13720 | Temple   | Fell from the grace of Ignis
 13720 | Temple   | Became a worshipper of Cheibriados the Contemplative
 13840 | Lair:1   | Entered Level 1 of the Lair of Beasts
 14368 | D:4      | Reached * piety under Cheibriados
 14807 | D:5      | Noticed Sigmund
 14811 | D:5      | Killed Sigmund
 15283 | Lair:1   | Reached skill level 1 in Shields
 15517 | Lair:1   | Reached XP level 14. HP: 133/133 MP: 14/14
 15631 | Lair:1   | Reached ** piety under Cheibriados
 15703 | Lair:1   | Found a radiant altar of Vehumet.
 15895 | Lair:1   | Found a runed translucent gate.
 15896 | Lair:1   | Found a runed translucent gate.
 15897 | Lair:1   | Found a runed translucent gate.
 15897 | Lair:1   | Noticed pdpol's ghost (novice PaCj)
 16072 | Lair:1   | You fall into a shaft and drop 1 floor!
 16187 | Lair:2   | Reached skill level 5 in Shields
 16196 | Lair:2   | Reached *** piety under Cheibriados
 16608 | Lair:2   | Noticed Sonja
 16616 | Lair:2   | Reached **** piety under Cheibriados
 16617 | Lair:2   | Killed Sonja
 16780 | Lair:2   | Found a staircase to the Swamp.
 16907 | Lair:2   | You fall into a shaft and drop 2 floors!
 16922 | Lair:3   | HP: 9/199 [eight-headed hydra (1)]
 16923 | Lair:3   | Slain by an eight-headed hydra

Illustrated notes

Levels and vault maps discovered:
D:1:      onia_arrival_pentagram, layout_basic,
          hellmonk_ecumenical_altar_slurped_away
D:2:      layout_basic
D:3:      layout_rooms, marbit_many_paths, kennysheep_boxes
D:4:      layout_basic, serial_corexii_hall, chequers_hall_statues_y,
          chequers_hall_statues_y, minmay_box_of_dots
D:5:      layout_loops_ring, grunt_gozag_statues, uniq_sigmund,
          uniq_prince_ribbit1
D:6:      layout_cave_pods, nicolae_wu_jian_glorious_leap, grunt_ministairs_2,
          serial_park_tiny_2, minmay_circle_x
D:7:      layout_basic, ashenzari_conservatory_becter,
          minmay_temple_entry_nine_rooms, nzn_random_ring
D:8:      layout_basic, grunt_temple_overflow_holy_war
D:9:      layout_basic, grunt_temple_overflow_order_and_chaos_2,
          mainiacjoe_overflow_catwalk, nicolae_uskayaw_murder_on_the_dancefloor,
          beargit_hepliaklqana_dungeon_heroes, led_sif_book, dpeg_lair_monsters,
          minmay_diced_spiral, uniq_pikel
D:10:     layout_cave_pools, vehumet_statue, gammafunk_ghost_wrathful_warriors,
          hangedman_decor_lopped, minmay_misc_feat_rugged, laboratory
D:11:     layout_loops_ring
D:12:     layout_loops_ring, erik_orc_3
D:13:     layout_basic, erik_vaults_2
D:14:     layout_stronghold, eino_curves_02, uniq_agnes, uniq_jorgrun
D:15:     grunt_enter_depths_hoard, layout_basic, gammafunk_ghost_necromancy,
          minivault_26, minmay_misc_feat_ornament,
          amcnicky_mini_rare_corridor_liquid
Temple:   nicolae_temple_figure_zero
Lair:1:   beast_lair_carwin_large_4, layout_regular_city, gammafunk_ghost_ooze,
          basic_altar, nicolae_lair_grazing_beasts [nicolae_sub_lair_graze_edge,
          nicolae_sub_lair_graze_edge, nicolae_sub_lair_graze_edge,
          nicolae_sub_lair_graze_edge], infiniplex_staircase_pool
Lair:2:   lemuel_ratsnest, layout_chaotic_city,
          nicolae_swamp_entry_splash_gauntlet, uniq_sonja
Lair:3:   layout_long_grid, guppyfry_snake_entry_island,
          chequers_serial_rivers_large_a, lemuel_fruit_tree, uniq_gastronok
Lair:4:   layout_regular_city, gammafunk_ghost_berserking_beasts, uniq_urug,
          uniq_josephine

Skill      XL: |  1  2  3  4  5  6  7  8  9 10 11 12 13 14 |
---------------+-------------------------------------------+-----
Unarmed Combat | 4 5 7 8 9 11 12 13 15 16 17 | 17.4
Transmutations | 2 4 |  4.3
Armour         | 1 4 6 7 |  7.8
Dodging        | 1 4 12 | 12.2
Fighting       | 3 5 7 |  7.1
Shields        | 1 6 |  6.4
Spellcasting   | |  1.0
Fire Magic     | |  2.1

Action                   |  1- 3 |  4- 6 |  7- 9 | 10-12 | 13-15 || total
-------------------------+-------+-------+-------+-------+-------++-------
Melee: Unarmed           |    55 |    46 |   222 |   644 |   558 ||  1525
       Punch             |     1 |     2 |    10 |    67 |    35 ||   115
       Hand axe          |       |       |       |       |    29 ||    29
Throw: Dart              |       |       |       |     7 |       ||     7
Invok: Fiery Armour      |       |     1 |     3 |     2 |     1 ||     7
       Rising Flame      |       |       |       |       |     1 ||     1
Evoke: Wand              |       |       |       |       |    11 ||    11
  Use: Potion            |       |       |     2 |    12 |     7 ||    21
       Scroll            |       |       |    10 |     8 |     4 ||    22
 Stab: Paralysed         |       |       |       |       |     2 ||     2
Armor: Robe              |    22 |    14 |    60 |       |       ||    96
       Fire dragon scale |       |       |    18 |   235 |   165 ||   418
       Skin              |       |       |       |    17 |       ||    17
       Acid dragon scale |       |       |       |       |    27 ||    27
Dodge: Dodged            |    23 |    18 |    90 |   188 |   252 ||   571
       Repelled          |       |       |       |       |     3 ||     3
Block: Other             |       |       |       |       |    48 ||    48
       Kite shield       |       |       |       |       |   211 ||   211
       Reflection        |       |       |       |       |     2 ||     2

Table legend: (Time is in decaauts)
 A = Elapsed time spent in this place.
 B = Non-inter-level travel time spent in this place.
 C = Inter-level travel time spent in this place.
 D = Time resting spent in this place.
 E = Time spent auto-exploring this place.
 F = Levels seen in this place.
 G = Mean time per level.
                   A        B        C        D        E       F      G
               +--------+--------+--------+--------+--------+-----+--------+
         Total |  17527 |  16097 |   1430 |   1612 |  10930 |  20 |  876.3 |
       Dungeon |  15243 |  13845 |   1398 |   1411 |   9523 |  15 | 1016.2 |
        Temple |    155 |    126 |     29 |      0 |    110 |   1 |  155.0 |
          Lair |   2128 |   2126 |      2 |    200 |   1297 |   4 |  532.0 |
               +--------+--------+--------+--------+--------+-----+--------+

Top non-repeatable levels by time:
     D:9: 1706 daAuts
    D:14: 1535 daAuts
     D:8: 1529 daAuts
    D:15: 1459 daAuts
     D:7: 1359 daAuts
    D:12: 1249 daAuts
    D:13: 1184 daAuts
     D:6: 1123 daAuts
  Lair:2: 1120 daAuts
  Lair:1: 990 daAuts
     D:4: 988 daAuts
    D:10: 955 daAuts
    D:11: 827 daAuts
     D:5: 736 daAuts
     D:2: 488 daAuts
